 Dungeon Crawl Stone Soup version 0.26.1-11-gd32895ea62 (webtiles) character file.

Game seed: 18380498420299880936

119935 hawla the Devastator (level 16, -4/140 HPs)
             Began as a Pale Draconian Conjurer on June 20, 2021.
             Was a High Priest of Vehumet.
             Slain by a wolf spider (19 damage)
             ... on level 2 of the Spider Nest on June 21, 2021.
             The game lasted 01:59:00 (36187 turns).

hawla the Devastator (Pale Draconian Conjurer)     Turns: 36187, Time: 01:59:00

Health: -4/140     AC: 10    Str: 18    XL:     16   Next: 28%
Magic:  28/32      EV: 17    Int: 29    God:    Vehumet [*****.]
Gold:   2056       SH:  7    Dex: 14    Spells: 23/39 levels left

rFire    + + +     SeeInvis +   l - staff of earth
rCold    + . .     Faith    .   D - +2 buckler
rNeg     . . .     Spirit   .   (armour unavailable)
rPois    +         Reflect  .   m - +1 hat "Gekhlu Fielu" {rPois rF+ rC+ SInv}
rElec    .         Harm     .   P - +1 cloak
rCorr    .         Rampage  .   v - +0 pair of gloves "Qyco" {Str+8 Dex+4}
Will     +....                  S - +0 pair of boots of Murais {rF+ Stlth+}
Stlth    ++++......             R - amulet of magic regeneration
HPRegen  0.33/turn              x - ring of protection from fire
MPRegen  0.48/turn              s - +6 ring of intelligence

@: corroded
A: breathe steam, unfitting armour, clumsy 1, robust 1, wild magic 1,
cold-blooded, MP-powered wands, AC +9
a: Breathe Steam, Renounce Religion


You were on level 2 of the Spider Nest.
You worshipped Vehumet.
Vehumet was extremely pleased with you.
You visited 5 branches of the dungeon, and saw 24 of its levels.
You also visited: Sewer.

You collected 3704 gold pieces.
You spent 1648 gold pieces at shops.

Inventory:

Hand Weapons
 U - the +10 lajatang of Karma {freeze, Int+4 Stlth-}
   (You bought it in a shop on level 12 of the Dungeon)

   It has been specially enchanted to freeze those struck by it, causing extra
   injury to most foes and up to half again as much damage against particularly
   susceptible opponents.
   It can also slow down cold-blooded creatures.
   It affects your intelligence (+4).
   It makes you less stealthy.
Missiles
 d - 3 silver boomerangs
 A - 6 curare-tipped darts (quivered)
 T - 4 silver javelins
Armour
 m - the +1 hat "Gekhlu Fielu" (worn) {rPois rF+ rC+ SInv}
   (You acquired it on level 1 of the Spider Nest)

   It protects you from fire.
   It protects you from cold.
   It protects you from poison.
   It lets you see invisible.
 v - the +0 pair of gloves "Qyco" (worn) {Str+8 Dex+4}
   (You acquired it on level 15 of the Dungeon)

   It affects your strength (+8).
   It affects your dexterity (+4).
 D - a +2 buckler (worn)
 P - a +1 cloak (worn)
 S - the +0 pair of boots of Murais (worn) {rF+ Stlth+}
   (You found it on level 2 of the Lair of Beasts)

   It protects you from fire.
   It makes you more stealthy.
Magical Staves
 l - an uncursed staff of earth (weapon)
Jewellery
 k - an uncursed ring of flight
 s - a +6 ring of intelligence (right hand)
 x - a ring of protection from fire (left hand)
 R - an amulet of magic regeneration (around neck)
 V - the ring "Goehul" {Wiz rC+ Dex+2}
   (You found it on level 12 of the Dungeon)

   [ring of wizardry]

   It improves your spell success rate.
   It affects your dexterity (+2).
   It protects you from cold.
 W - an uncursed ring of magical power
 Z - an uncursed ring of magical power
Wands
 p - a wand of disintegration (27)
 t - a wand of paralysis (21)
 B - a wand of iceblast (14)
 G - a wand of digging (3)
 O - a wand of acid (5)
 Y - a wand of flame (16)
Scrolls
 b - 3 scrolls of teleportation
 f - 11 scrolls of remove curse
 n - 3 scrolls of fog
 o - 3 scrolls of amnesia
 w - a scroll of holy word
 y - 3 scrolls of magic mapping
 z - 6 scrolls of enchant weapon
 E - 5 scrolls of enchant armour
 I - 2 scrolls of silence
 J - a scroll of summoning
 K - 2 scrolls of blinking
 N - a scroll of fear
Potions
 c - 2 potions of flight
 e - 4 potions of brilliance
 g - 5 potions of curing
 h - 4 potions of cancellation
 j - a potion of invisibility
 q - 7 potions of ambrosia
 r - 7 potions of haste
 u - 4 potions of might
 L - a potion of berserk rage
 M - a potion of resistance {unknown}
Miscellaneous
 i - a lightning rod (4/4)
 C - a box of beasts


   Skills:
 - Level 8.0 Fighting
 - Level 3.0 Short Blades
 + Level 10.0 Staves
 - Level 8.0 Throwing
 - Level 8.0 Dodging
 - Level 6.0 Stealth
 - Level 5.0 Shields
 - Level 12.0 Spellcasting
 + Level 15.5 Conjurations
 - Level 8.0 Translocations
 + Level 7.8 Fire Magic
 - Level 3.0 Earth Magic
 - Level 4.0 Evocations


You had 23 spell levels left.
You knew the following spells:

 Your Spells              Type           Power        Failure   Level
a - Magic Dart            Conj           100%         1%          1
b - Searing Ray           Conj           100%         1%          2
c - Iskenderun's Mystic   Conj/Tloc      84%          1%          4
d - Iskenderun's Battles  Conj           96%          1%          5
e - Sticky Flame          Conj/Fire      84%          1%          4

Your spell library contained the following spells:

 Spells                   Type           Power        Failure   Level
 Lightning Bolt           Conj/Air       34%          1%          5
 Freeze                   Ice            88%          1%          1
 Sandblast                Erth           100%         1%          1
 Dazzling Flash           Conj/Hex       100%         1%          3
 Gell's Gravitas          Tloc           35%          1%          3
 Stone Arrow              Conj/Erth      100%         1%          3
 Fulminant Prism          Conj/Hex       34%          1%          4
 Hailstorm                Conj/Ice       69%          1%          4
 Frozen Ramparts          Ice            44%          3%          3
 Passwall                 Tmut/Erth      41%          4%          2
 Corona                   Hex            24%          5%          1
 Ensorcelled Hibernation  Hex/Ice        44%          8%          2
 Lee's Rapid Deconstruct  Erth           30%          9%          5
 Confusing Touch          Hex            22%          13%         3
 Ozocubu's Armour         Ice            22%          13%         3
 Tukima's Dance           Hex            22%          13%         3
 Petrify                  Tmut/Erth      50%          22%         4
 Yara's Violent Unravell  Hex/Tmut       11%          26%         5
 Cause Fear               Hex            11%          38%         4
 Summon Ice Beast         Ice/Summ       22%          38%         4
 Metabolic Englaciation   Hex/Ice        11%          71%         5
 Silence                  Hex/Air        11%          71%         5
 Discord                  Hex            11%          100%        8


Dungeon Overview and Level Annotations

Branches:
Dungeon (15/15)            Temple (1/1) D:6            Lair (3/6) D:9
 Spider (3/4) Lair:3          Orc (2/2) D:12            Elf (0/3) Orc:2
 Vaults (0/5) D:13         Depths (0/5) D:15          Sewer (visited)
  Swamp: Lair:2-4    Shoals: Lair:2-4

Altars:
Ashenzari
Cheibriados
Dithmenos
Elyvilon
Fedhas
Gozag
Hepliaklqana
Kikubaaqudgha
Makhleb
Nemelex Xobeh
Okawaru
Qazlal
Ru
Sif Muna
Trog
Uskayaw
Vehumet
Wu Jian
Xom
Yredelemnul
Zin
The Shining One
Beogh

Shops:
D:10 (   D:12 (   Orc:2 }?

Annotations:
Spider:3 Mara


Innate Abilities, Weirdness & Mutations

You can breathe blasts of scalding, opaque steam.
Your pale cyan-grey scales are hard. (AC +9)
You cannot fit into any form of body armour.
You are cold-blooded and may be slowed by cold attacks.
You are clumsy. (Dex -2)
You are robust. (+10% HP)
Your spells are a little harder to cast, but a little more powerful.
You expend magic power (3 MP) to strengthen your wands.


Message History

* * * LOW HITPOINT WARNING * * *
The entropy weaver hits you but does no damage.
The entropy weaver closely misses you.
You feel better.
The wolf spider hits you but does no damage.
The wolf spider bites you.
* * * LOW HITPOINT WARNING * * *
The redback closely misses you. The tarantella misses you.
The demonic crawler hits you but does no damage.
The demonic crawler hits you!
* * * LOW HITPOINT WARNING * * *
The demonic crawler closely misses you. The redback barely misses you.
The redback bites you!
* * * LOW HITPOINT WARNING * * *
You block the tarantella's attack. The entropy weaver closely misses you.
The entropy weaver hits you.
* * * LOW HITPOINT WARNING * * *
The entropy weaver closely misses you. You block the entropy weaver's attack.
The wolf spider hits you!!
You die...

##.......... ###.#.........
##.......##....
#.#.#.......... ###
#.............. ###.#####
#..............
#.....#.###..............
##......sss##.....†.......
##..(....s@s.....^.......#.
##.......#B.s.......#.......
#...##...*...###............
#............#.###.......^..
##..........##..^#..#....#..
##.......####..........[...
##.......##...#....#......
##.....###^.......##...^.
#......##...##....#...^#


You could see an entropy weaver, a demonic crawler, a wolf spider, a tarantella,
3 redbacks and a friendly battlesphere.

Vanquished Creatures
  Arachne (Spider:2)
  Jorgrun (D:14)
  Gastronok (D:10)
  An emperor scorpion (Spider:1)
  An orc warlord (Orc:2)
  A ghost moth (Spider:2)
  Nessos (Orc:2)
  A dire elephant (D:15)
  Snorg (Orc:2)
  A spark wasp (Spider:3)
  Harold (D:8)
  5 hydras
  4 boulder beetles
  A catoblepas (D:12)
  3 centaur warriors
  14 two-headed ogres
  2 ogre magi
  A tengu warrior (D:14)
  4 orc high priests (Orc:2)
  Urug (D:10)
  The ghost of hawla the Thaumaturge, a journeyman DECj of Vehumet (D:12)
  Nergalle (Lair:1)
  6 skeletal warriors
  4 unseen horrors
  A wizard (D:13)
  3 orc knights
  A harpy (D:12)
  A necromancer (D:13)
  Pikel (D:4)
  10 ugly things
  3 orc sorcerers (Orc:2)
  10 orb spiders
  3 deep elf magi
  2 oklob plants (D:10)
  A wolf spider zombie (D:14)
  4 manticores
  14 wolf spiders
  A moth of wrath (D:12)
  Joseph (D:8)
  A salamander (D:15)
  3 cyclopes
  2 centaur zombies
  4 black mambas
  8 cane toads
  Maggie (D:7)
  5 centaur skeletons
  2 rime drakes
  2 gargoyles (D:12)
  3 komodo dragons
  6 demonic crawlers
  A kobold demonologist (D:12)
  A queen bee (D:10)
  10 trolls
  14 jumping spiders
  A polar bear (Lair:3)
  2 hornets
  11 slime creatures
  49 redbacks
  A shadow (D:14)
  2 wraiths
  A vampire (D:12)
  15 tarantellas
  30 yaks
  2 wyverns
  2 basilisks (Lair:1)
  3 vampire mosquitoes (D:13)
  4 wargs
  3 soldier ants (D:12)
  13 water moccasins
  4 ice beasts
  47 orc warriors
  4 sky beasts
  An eye of draining (D:12)
  A tengu (shapeshifter) (D:8)
  16 ogres
  24 wolves
  11 centaurs
  3 big kobolds
  19 bullfrogs
  A gnoll sergeant (Orc:2)
  A wyvern zombie (D:13)
  7 scorpions
  A hornet simulacrum (D:11)
  36 killer bees
  12 wights
  3 electric eels
  7 howler monkeys
  7 crimson imps (D:9)
  A quasit (D:12)
  38 orc priests
  2 bullfrog zombies
  3 jellies
  A bullfrog skeleton (D:6)
  10 hounds
  7 iguanas
  24 orc wizards
  14 worker ants
  A hound skeleton (D:2)
  A worker ant zombie (D:10)
  A gnoll (D:7)
  20 adders
  A shadow imp (D:9)
  4 white imps
  3 ufetubi
  An ooze (D:1)
  2 adder skeletons
  A worm (D:3)
  3 dart slugs
  6 leopard geckos
  132 orcs
  7 bats
  7 giant cockroaches
  14 goblins
  6 hobgoblins
  21 jackals
  7 quokkas
  A ball python (D:4)
  5 frilled lizards
  21 kobolds
  13 rats
899 creatures vanquished.

Vanquished Creatures (others)
  An orb spider (Spider:1)
  A steam dragon (D:10)
  8 fungi
  34 plants
44 creatures vanquished.

Grand Total: 943 creatures vanquished

Notes
Turn   | Place    | Note
-------+----------+-------------------------------------------
     0 | D:1      | hawla the Draconian Conjurer began the quest for the Orb.
     0 | D:1      | Reached XP level 1. HP: 14/14 MP: 3/3
   293 | D:1      | Reached XP level 2. HP: 22/22 MP: 1/5
   576 | D:1      | Reached skill level 1 in Fighting
   580 | D:1      | Learned a level 2 spell: Searing Ray
   858 | D:1      | Reached skill level 1 in Translocations
   916 | D:1      | Reached XP level 3. HP: 28/28 MP: 3/6
  2032 | D:2      | Reached XP level 4. HP: 35/35 MP: 4/7
  2392 | D:2      | Learned a level 4 spell: Iskenderun's Mystic Blast
  2793 | D:3      | Reached XP level 5. HP: 37/40 MP: 0/9
  3668 | D:3      | Found a faded altar of an unknown god.
  3864 | D:4      | Reached skill level 5 in Conjurations
  4146 | D:4      | Reached XP level 6. HP: 42/47 MP: 3/11
  4186 | D:4      | Noticed Pikel
  4250 | D:4      | Found a glowing drain.
  4260 | Sewer    | Entered a sewer
  4884 | Sewer    | Found a glowing silver altar of Zin.
  5222 | D:4      | Killed Pikel
  5223 | D:4      | Reached skill level 5 in Spellcasting
  5223 | D:4      | Reached skill level 7 in Conjurations
  5223 | D:4      | Your scales start taking on a pale cyan-grey colour.
  5223 | D:4      | Reached XP level 7. HP: 11/52 MP: 0/14
  5928 | D:5      | Entered Level 5 of the Dungeon
  5947 | D:5      | Reached XP level 8. HP: 60/60 MP: 10/16
  6961 | D:5      | You fall into a shaft and drop 1 floor!
  7241 | D:5      | Found a burning altar of Makhleb.
  7446 | D:6      | Found a staircase to the Ecumenical Temple.
  8216 | D:6      | Reached skill level 8 in Conjurations
  8695 | D:7      | Reached XP level 9. HP: 68/68 MP: 12/18
  9067 | D:7      | Noticed Maggie
  9075 | D:7      | Killed Maggie
  9383 | D:7      | Found a shadowy altar of Dithmenos.
 10047 | D:8      | Noticed Harold
 10059 | D:8      | Killed Harold
 10060 | D:8      | Reached skill level 9 in Conjurations
 10899 | D:8      | Noticed a rime drake
 10902 | D:8      | a rime drake changed into a wyvern
 10943 | D:8      | Reached XP level 10. HP: 73/75 MP: 17/22
 10998 | D:8      | Noticed Joseph
 11013 | D:8      | Killed Joseph
 11228 | D:8      | Noticed a two-headed ogre
 11720 | D:8      | Reached skill level 1 in Staves
 11836 | D:9      | Reached skill level 1 in Shields
 11976 | D:9      | Reached skill level 5 in Dodging
 12067 | D:9      | Found a staircase to the Lair.
 12268 | D:9      | Noticed a two-headed ogre
 12346 | D:9      | Killed a two-headed ogre
 12429 | D:9      | Reached skill level 10 in Conjurations
 12836 | D:9      | Noticed a two-headed ogre
 12842 | D:9      | Killed a two-headed ogre
 12843 | D:9      | Reached XP level 11. HP: 83/83 MP: 14/24
 13352 | D:10     | Entered Level 10 of the Dungeon
 13687 | D:10     | Reached skill level 5 in Translocations
 13783 | D:10     | Found Nitaud Zyal's Antique Weapon Shoppe.
 13955 | D:10     | Bought a pitted dagger for 168 gold pieces
 13955 | D:10     | Identified the +7 dagger of Iconoclasm {protect, +Rage
                  | rPois} (You bought it in a shop on level 10 of the Dungeon)
 13961 | D:10     | Noticed Urug
 13979 | D:10     | Killed Urug
 14346 | D:10     | Found a blossoming altar of Fedhas.
 14349 | D:10     | Noticed an oklob plant
 14356 | D:10     | Killed an oklob plant
 14357 | D:10     | Noticed an oklob plant
 14542 | D:10     | Killed an oklob plant
 14712 | D:10     | Reached skill level 11 in Conjurations
 14715 | D:10     | Reached skill level 1 in Short Blades
 15033 | D:10     | Noticed Gastronok
 15057 | D:10     | Killed Gastronok
 15058 | D:10     | Reached skill level 10 in Spellcasting
 15271 | D:11     | Noticed an ogre mage
 15283 | D:11     | Killed an ogre mage
 15283 | D:11     | Noticed a centaur warrior
 15283 | D:11     | Noticed a two-headed ogre
 15351 | D:10     | Killed a two-headed ogre
 15352 | D:10     | Reached XP level 12. HP: 65/92 MP: 13/26
 15634 | D:10     | Gained mutation: You expend magic power (3 MP) to
                  | strengthen your wands. [potion of mutation]
 15634 | D:10     | Gained mutation: Your spells are a little harder to cast,
                  | but a little more powerful. [potion of mutation]
 15634 | D:10     | Gained mutation: You are robust. (+10% HP) [potion of
                  | mutation]
 15639 | D:11     | Noticed a boulder beetle
 15643 | D:11     | Killed a centaur warrior
 16022 | D:11     | Killed a boulder beetle
 16485 | D:12     | Reached skill level 1 in Throwing
 16931 | D:12     | Noticed a two-headed ogre
 16937 | D:12     | Killed a two-headed ogre
 16938 | D:12     | Reached skill level 5 in Stealth
 17054 | D:12     | Noticed a catoblepas
 17059 | D:12     | Noticed hawla's ghost (journeyman DECj)
 17068 | D:12     | Found a transporter.
 17146 | D:12     | Found Umimeal's Antique Weapon Shop.
 17151 | D:12     | Found a transporter.
 17747 | D:11     | Noticed a two-headed ogre
 17757 | D:11     | Killed a two-headed ogre
 17758 | D:11     | Reached skill level 12 in Conjurations
 17930 | D:11     | Learned a level 3 spell: Stone Arrow
 18551 | D:12     | Found a staircase to the Orcish Mines.
 19406 | D:12     | Noticed a five-headed hydra
 19415 | D:12     | Killed a five-headed hydra
 19549 | Temple   | Entered the Ecumenical Temple
 19859 | Temple   | Became a worshipper of Vehumet
 20059 | D:13     | Reached XP level 13. HP: 108/108 MP: 12/28
 20349 | D:13     | Found a gate to the Vaults.
 20422 | D:13     | Reached skill level 1 in Earth Magic
 20484 | D:13     | Reached skill level 5 in Fighting
 20484 | D:13     | Reached skill level 1 in Evocations
 20687 | D:13     | Reached skill level 5 in Shields
 21783 | D:12     | Bought a shimmering lajatang for 560 gold pieces
 21788 | D:12     | Identified the +10 lajatang of Karma {freeze, Int+4 Stlth-}
                  | (You bought it in a shop on level 12 of the Dungeon)
 21855 | D:13     | Reached * piety under Vehumet
 21855 | D:13     | Offered knowledge of Shock by Vehumet.
 22836 | D:14     | Noticed Jorgrun
 22844 | D:14     | Reached skill level 13 in Conjurations
 22879 | D:15     | Entered Level 15 of the Dungeon
 22892 | D:15     | Reached skill level 5 in Throwing
 22902 | D:15     | Offered knowledge of Freeze by Vehumet.
 22903 | D:15     | Reached ** piety under Vehumet
 23244 | D:14     | Killed Jorgrun
 23245 | D:14     | Reached XP level 14. HP: 13/117 MP: 18/30
 24223 | D:15     | Identified a scroll of acquirement
 24223 | D:15     | Acquired the +0 pair of gloves "Qyco" {Str+8 Dex+4}
 24564 | D:15     | Offered knowledge of Static Discharge by Vehumet.
 24959 | D:15     | Reached skill level 1 in Fire Magic
 24986 | D:15     | Reached *** piety under Vehumet
 25694 | D:15     | Found a staircase to the Depths.
 26252 | D:12     | Offered knowledge of Frozen Ramparts by Vehumet.
 26253 | D:12     | Killed hawla's ghost
 26405 | D:12     | Got a translucent golden ring
 26409 | D:12     | Identified the ring "Goehul" {Wiz rC+ Dex+2} (You found it
                  | on level 12 of the Dungeon)
 26464 | Orc:1    | Entered Level 1 of the Orcish Mines
 26499 | Orc:1    | Reached **** piety under Vehumet
 26714 | Orc:2    | Entered Level 2 of the Orcish Mines
 26716 | Orc:2    | Reached skill level 5 in Staves
 26725 | Orc:2    | Offered knowledge of Hailstorm by Vehumet.
 26844 | Orc:2    | Noticed Nessos
 27201 | Orc:2    | Killed Nessos
 27692 | Orc:2    | Reached skill level 14 in Conjurations
 27718 | Orc:2    | Reached ***** piety under Vehumet
 27718 | Orc:2    | Offered knowledge of Iskenderun's Battlesphere by Vehumet.
 27726 | Orc:2    | Learned a level 5 spell: Iskenderun's Battlesphere
 28120 | Orc:2    | Noticed an orc warlord
 28131 | Orc:2    | Noticed Snorg
 28135 | Orc:2    | Paralysed by an orc sorcerer for 3 turns
 28144 | Orc:2    | Killed an orc warlord
 28145 | Orc:2    | Reached XP level 15. HP: 46/127 MP: 23/31
 28145 | Orc:2    | Killed Snorg
 28413 | Orc:2    | Found a roughly hewn altar of Beogh.
 28421 | Orc:2    | Found Illes's Gadget Shop.
 28436 | Orc:2    | Bought a box of beasts for 560 gold pieces
 28474 | Orc:2    | Gained mutation: You are clumsy. (Dex -2) [a neqoxec]
 28591 | Orc:2    | Found Anium's Magic Scroll Emporium.
 28760 | Orc:2    | Bought a scroll of teleportation for 36 gold pieces
 28760 | Orc:2    | Bought a scroll of remove curse for 36 gold pieces
 28760 | Orc:2    | Bought a scroll of summoning for 114 gold pieces
 28760 | Orc:2    | Bought a scroll of identify for 24 gold pieces
 28760 | Orc:2    | Bought a scroll of enchant armour for 90 gold pieces
 28760 | Orc:2    | Bought a scroll of identify for 24 gold pieces
 28760 | Orc:2    | Bought a scroll of remove curse for 36 gold pieces
 29075 | Orc:2    | Found a staircase to the Elven Halls.
 29521 | Lair:1   | Entered Level 1 of the Lair of Beasts
 29843 | Lair:1   | You fall into a shaft and drop 1 floor!
 29899 | Lair:2   | Got a pair of crude boots
 29904 | Lair:2   | Identified the +0 pair of boots of Murais {rF+ Stlth+} (You
                  | found it on level 2 of the Lair of Beasts)
 30339 | Lair:1   | Reached skill level 5 in Fire Magic
 30658 | Lair:1   | Noticed Nergalle
 30664 | Lair:1   | Killed Nergalle
 32731 | Lair:3   | Found a hole to the Spider Nest.
 32906 | Spider:1 | Entered Level 1 of the Spider Nest
 32952 | Spider:1 | Offered knowledge of Sticky Flame by Vehumet.
 32958 | Spider:1 | Learned a level 4 spell: Sticky Flame
 33266 | Spider:1 | Reached skill level 15 in Conjurations
 34040 | Spider:1 | Acquired the +1 hat "Gekhlu Fielu" {rPois rF+ rC+ SInv}
 34053 | Spider:1 | Acquired 1254 gold pieces
 34784 | Spider:2 | Noticed Arachne
 34802 | Spider:1 | Reached XP level 16. HP: 92/138 MP: 26/32
 34953 | Spider:2 | Killed Arachne
 35738 | Spider:3 | Noticed Mara
 35744 | Spider:3 | Offered knowledge of Lightning Bolt by Vehumet.
 35838 | Spider:2 | Reached skill level 10 in Staves
 36187 | Spider:2 | Slain by a wolf spider

Illustrated notes

Levels and vault maps discovered:
D:1:      mrwooster_arrival_statue, layout_loops_ring
D:2:      layout_loops_corners
D:3:      layout_basic, chequers_ecumenical_altar_grove, minivault_19
D:4:      layout_loops_ring, portal_sewer_entry_a, corexii_checkpoint_a,
          uniq_pikel
D:5:      layout_loops_cross, makhleb_heckhound_becter
D:6:      corexii_shack_village, layout_loops_ring,
          minmay_temple_entry_antechambers, grunt_ministairs_10
D:7:      layout_loops_ring, basic_altar, enter_bailey_7,
          minmay_misc_feat_secret_circle, uniq_maggie
D:8:      layout_basic, kennysheep_island_fort, uniq_joseph, uniq_harold
D:9:      layout_gridville, erik_lair_orcish_takeover, minmay_nine_imps
D:10:     layout_roguey [special_room_bee], serial_shops, shop,
          hangedman_tree_tricks, uniq_urug, uniq_gastronok
D:11:     cheibrodos_elevator_heist, layout_cave_pools, serial_column_ruins,
          column_ruins_square_large, column_ruins_hut_water,
          column_ruins_columns_dead_end, column_ruins_columns_straight,
          column_ruins_grid_4, column_ruins_corridor_water,
          column_ruins_open_small, minmay_misc_feat_alley
D:12:     minmay_skewed_foursquare, layout_small_grid, orc_0_dummy,
          serial_shops, shop, gammafunk_ghost_berserking_beasts
D:13:     layout_basic, david_vaults_1, chequers_jeans
D:14:     layout_basic, palyth_stone_intersect, uniq_jorgrun
D:15:     hangedman_depths_entry_try_elsewhere_first, layout_cave_pools,
          serial_bayou_shore_a
Temple:   nicolae_temple_the_god_donut
Lair:1:   layout_roguey, lemuel_fruit_tree, uniq_nergalle
Lair:2:   layout_gridlike, grunt_megastairs_1
Lair:3:   layout_cave_shapes, nicolae_spider_entry_orb_guardian,
          beast_lair_carwin_1
Spider:1: layout_spider_delve
Spider:2: layout_spider_delve, uniq_arachne
Spider:3: layout_spider_delve, drop_trap, minmay_another_anthill, uniq_mara
Orc:1:    layout_diamond_mine
Orc:2:    pubby_orc_utopia, uniq_nessos, uniq_snorg

Skill      XL: |  1  2  3  4  5  6  7  8  9 10 11 12 13 14 15 16 |
---------------+-------------------------------------------------+-----
Dodging        | 2 3 4 5 6 7 8 |  8.0
Stealth        | 2 3 4 5 6 |  6.0
Fighting       | 1 2 3 4 5 6 7 8 |  8.0
Translocations | 1 2 3 4 6 7 8 |  8.0
Spellcasting   | 3 5 6 8 9 10 11 12 | 12.0
Conjurations   | 5 7 8 9 10 11 12 13 14 15 | 15.5
Staves         | 2 3 6 9 10 | 10.0
Shields        | 1 3 4 5 |  5.0
Short Blades   | 2 3 |  3.0
Throwing       | 1 6 8 |  8.0
Earth Magic    | 1 2 3 |  3.0
Evocations     | 1 3 4 |  4.0
Fire Magic     | 3 6 7 |  7.8

Action                   |  1- 3 |  4- 6 |  7- 9 | 10-12 | 13-15 | 16-18 || total
-------------------------+-------+-------+-------+-------+-------+-------++-------
Melee: Unarmed           |     4 |    57 |       |       |       |       ||    61
       Tailslap          |     1 |     4 |     7 |    10 |    28 |     2 ||    52
       Dagger            |       |    12 |     9 |    57 |     6 |       ||    84
       Staff             |       |       |    56 |    66 |    71 |     8 ||   201
       Lajatang          |       |       |       |       |   207 |       ||   207
Throw: Dart              |       |     2 |     2 |     8 |    46 |       ||    58
 Cast: Magic Dart        |    41 |    29 |    42 |    32 |    78 |    26 ||   248
       Searing Ray       |    15 |    45 |    62 |    93 |   143 |    14 ||   372
       Iskenderun's Myst |       |     6 |    25 |   139 |   258 |    30 ||   458
       Stone Arrow       |       |       |       |     5 |     3 |       ||     8
       Iskenderun's Batt |       |       |       |       |    30 |    10 ||    40
       Sticky Flame      |       |       |       |       |     2 |       ||     2
 Abil: Breathe Steam     |       |       |       |     2 |       |       ||     2
  Use: Scroll            |       |    11 |    11 |    14 |    19 |       ||    55
       Potion            |       |    11 |       |     5 |    13 |     7 ||    36
 Stab: Invisible         |       |     1 |       |       |       |       ||     1
       Sleeping          |       |       |     2 |     4 |     6 |       ||    12
       Distracted        |       |       |       |     1 |       |       ||     1
Armor: Skin              |     8 |    81 |    32 |   174 |   189 |   127 ||   611
Dodge: Dodged            |     6 |    98 |   133 |   248 |   401 |    85 ||   971
Block: Buckler           |       |       |     5 |    85 |    70 |    47 ||   207
